 Dungeon Crawl Stone Soup version 0.18.1-47-g9310371 (webtiles) character file.

203 ker the Sneak (level 5, -7/25 HPs)
             Began as a Spriggan Enchanter on June 19, 2016.
             Killed from afar by Sigmund (9 damage)
             ... with a puff of flame
             ... on level 3 of the Dungeon.
             The game lasted 00:23:21 (2855 turns).

ker the Sneak (Spriggan Enchanter)                  Turns: 2855, Time: 00:23:22

Health: -7/25      AC:  4    Str:  3 (5)  XL:     5   Next: 51%
Magic:  4/11       EV: 19    Int: 14 (16) God:
Gold:   148        SH:  0    Dex: 15 (17) Spells: 3 memorised, 5 levels left

rFire  . . .     SeeInvis +     g - +0 short sword (speed)
rCold  . . .     Gourm    .     b - +2 robe
rNeg   . . .     Faith    .     (shield restricted)
rPois  .         Spirit   .     (helmet restricted)
rElec  .         Dismiss  .     (no cloak)
rCorr  .         Reflect  .     (gloves unavailable)
SustAt .         Harm     .     (boots unavailable)
MR     .....                    (no amulet)
Stlth  ++++......               (no ring)
                                (no ring)

@: very slightly contaminated, invisible, very quick, not resistant to hostile
enchantments, stealthy
A: unfitting armour, see invisible, herbivore 3, speed 3, slow metabolism 2
a: no special abilities


You were on level 3 of the Dungeon.
You were not hungry.

You visited 1 branch of the dungeon, and saw 3 of its levels.

You collected 148 gold pieces.

Inventory:

Hand Weapons
 a - a +1 dagger
 g - a +0 short sword of speed (weapon)
 n - a +0 dagger of protection
Armour
 b - a +2 robe (worn)
Jewellery
 q - an uncursed ring of resist corrosion {unknown}
Scrolls
 f - a scroll of recharging
 h - 2 scrolls of identify
 l - a scroll of fear
 r - a scroll of remove curse
Potions
 i - a potion of agility {unknown}
 k - a potion of degeneration
 m - a potion of might {unknown}
 o - a potion of brilliance {unknown}
 p - a potion of mutation {unknown}
 s - a potion of lignification {unknown}
 t - 2 potions of haste {unknown}
Books
 c - a book of Maledictions

   Spells                             Type                      Level
   a - Corona                         Hexes                        1
   b - Ensorcelled Hibernation        Hexes/Ice                    2
   c - Confuse                        Hexes                        3
   d - Tukima's Dance                 Hexes                        3
   e - Dazzling Spray                 Conjuration/Hexes            3
Comestibles
 d - 6 bread rations
 j - 4 fruits


   Skills:
 + Level 0.8 Fighting
 + Level 1.9 Short Blades
 + Level 4.4 Dodging
 + Level 6.4 Stealth
 + Level 3.5 Spellcasting
 + Level 4.8 Hexes


You had 5 spell levels left.
You knew the following spells:

 Your Spells              Type           Power        Failure   Level  Hunger
a - Corona                Hex            ###....      2%          1    #......
b - Confuse               Hex            ###.....     10%         3    ###....
z - Ensorcelled Hibernat  Hex/Ice        #.....       14%         2    ##.....


Dungeon Overview and Level Annotations

Branches:
Dungeon (3/15)

Altars:
Nemelex Xobeh
Pakellas
Ru

Annotations:
D:3 Sigmund


Innate Abilities, Weirdness & Mutations

You are tiny and cannot use many weapons and most armour.
You have supernaturally acute eyesight.
You are a herbivore.
You cover ground extremely quickly.
You need consume almost no food.


Message History

You are very lightly contaminated with residual magic.
Nothing appears to happen.
Sigmund completely misses you.
You closely miss Sigmund.
Sigmund is severely wounded.
You hit Sigmund.
Sigmund is almost dead.
Sigmund hits you with a scythe!
* * * LOW HITPOINT WARNING * * *
Drink which item? (? for menu, Esc to quit)
It was a potion of degeneration.
There was something very wrong with that liquid.
You feel weakened.
You feel dopey.
You feel clumsy. Sigmund closely misses you.
Quiver which item? (- for none, * to show all) (? for menu, Esc to quit)
Quivering
e - a potion of invisibility for throwing.
Drink which item? (? for menu, Esc to quit)
You fade into invisibility!
Sigmund gestures at you while chanting. The puff of flame hits you!
You die...

.... . .... ... ..
..... .. ..# ...##
##.# .. .....
#..##.# #. ##.#...#
# ## ##....# #.##
#.@.### #... #@###
### #.# #.. #.# ##.#
#.# ###[.# #.#
#..>## ###.######
###.....
#........####....###
#.............#..#
#...............##


You could see Sigmund (invisible).

Vanquished Creatures
  A centaur skeleton (D:3)
  Ijyb (D:3)
  Terence (D:3)
  Robin (D:2)
  5 adders
  A worm (D:3)
  A dart slug (D:1)
  4 giant cockroaches
  9 goblins
  4 hobgoblins
  13 jackals
  8 kobolds
  A quokka (D:2)
  9 bats
  2 giant newts
  4 rats
65 creatures vanquished.

Notes
Turn   | Place    | Note
--------------------------------------------------------------
     0 | D:1      | ker the Spriggan Enchanter began the quest for the Orb.
     0 | D:1      | Reached XP level 1. HP: 9/9 MP: 5/5
   166 | D:1      | Reached XP level 2. HP: 10/13 MP: 6/6
   170 | D:1      | Learned a level 2 spell: Ensorcelled Hibernation
   239 | D:1      | Reached skill level 5 in Stealth
   619 | D:2      | Noticed Robin
   652 | D:2      | Killed Robin
   652 | D:2      | Reached XP level 3. HP: 15/16 MP: 0/8
  1176 | D:2      | Found an oddly glowing altar of Pakellas.
  1196 | D:2      | Found a faded altar to an unknown god.
  1453 | D:2      | Reached XP level 4. HP: 19/21 MP: 9/9
  1923 | D:3      | Noticed Ijyb
  1928 | D:3      | Killed Ijyb
  1928 | D:3      | Reached skill level 6 in Stealth
  2236 | D:3      | Noticed Terence
  2250 | D:3      | Killed Terence
  2250 | D:3      | Reached XP level 5. HP: 19/25 MP: 1/10
  2454 | D:3      | Found a sparkling altar of Nemelex Xobeh.
  2515 | D:2      | Learned a level 3 spell: Confuse
  2778 | D:3      | Found a sacrificial altar of Ru.
  2821 | D:3      | Noticed Sigmund
  2855 | D:3      | Killed from afar by Sigmund

Skill      XL: |  1  2  3  4 |
---------------+-------------+-----
Hexes          | 4 |  4.8
Stealth        | 5 6 |  6.4
Spellcasting   | 3 |  3.5
Dodging        | 4 |  4.4
Fighting       | |  0.8
Short Blades   | |  1.9

Action                   |  1- 3 |  4- 6 || total
-------------------------+-------+-------++-------
Melee: Dagger            |    21 |       ||    21
       Short sword       |   102 |   147 ||   249
 Cast: Ensorcelled Hiber |    15 |    20 ||    35
       Confuse           |       |     2 ||     2
  Use: Scroll            |       |     5 ||     5
       Potion            |       |     2 ||     2
 Stab: Sleeping          |    17 |    11 ||    28
       Confused          |       |     2 ||     2
  Eat: Pizza             |       |     1 ||     1
       Fruit             |       |     1 ||     1
Armor: Robe              |    20 |    17 ||    37
Dodge: Dodged            |   113 |   115 ||   228
